 Dungeon Crawl Stone Soup version 0.22.1-6-g1668fe2c40 (webtiles) character file.

641 Gunterle the Digger (level 7, 0/41 HPs)
             Began as an Octopode Wanderer on Jan 16, 2019.
             Was an Initiate of Ashenzari.
             Slain by a slave (8 damage)
             ... led by Pikel
             ... on level 4 of the Dungeon.
             The game lasted 00:20:39 (4156 turns).

Gunterle the Digger (Octopode Wanderer)             Turns: 4156, Time: 00:20:40

Health: 0/41       AC:  1    Str: 11    XL:     7   Next: 51%
Magic:  16/22      EV: 12    Int: 18    God:    Ashenzari [......]
Gold:   212        SH:  0    Dex: 10    Spells: 3/14 levels left

rFire    . . .     SeeInvis .   j - +0 dagger (venom) (curse)
rCold    . . .     Gourm    .   (no shield)
rNeg     . . .     Faith    .   (helmet restricted)
rPois    .         Spirit   .   (no amulet)
rElec    .         Reflect  .   o - ring of magical power (curse)
rCorr    .         Harm     .   (no ring)
MR       .....                  (no ring)
Stlth    ++........             (no ring)
HPRegen  0.13/turn              (no ring)
MPRegen  0.18/turn              (no ring)
                                (no ring)
                                (no ring)

@: no status effects
A: almost no armour, stealthy swim, amphibious, 8 rings, constrict 8, camouflage
1, gelatinous body 1
a: Curse Item, Renounce Religion


You were on level 4 of the Dungeon.
You worshipped Ashenzari.
Ashenzari was noncommittal.
You were hungry.

You visited 1 branch of the dungeon, and saw 4 of its levels.

You collected 212 gold pieces.

Inventory:

Hand Weapons
 j - a cursed +0 dagger of venom (weapon)
 q - a +4 club
 v - a +0 arbalest
Missiles
 a - 41 stones (quivered)
 g - 39 sling bullets
 i - 16 arrows
 n - 18 poisoned needles
 t - 48 bolts
Jewellery
 o - a cursed ring of magical power (left tentacle)
Wands
 w - a wand of polymorph (5)
Scrolls
 c - 4 scrolls of teleportation
 d - a scroll of identify
 l - 2 scrolls of amnesia {unknown}
 r - 2 scrolls of fog
 s - a scroll of enchant armour {unknown}
Potions
 b - 4 potions of curing
 e - 2 potions of resistance
 h - a potion of lignification {unknown}
 k - a potion of haste {unknown}
 m - a potion of invisibility {unknown}
 p - a potion of degeneration {unknown}
 u - a potion of agility
Comestibles
 f - 10 rations


   Skills:
 - Level 1.0 Throwing
   Level 1.0 Shields
 + Level 4.4 Spellcasting
 * Level 4.4 Conjurations
   Level 2.0 Necromancy
 * Level 5.5 Earth Magic
   Level 1.2 Poison Magic


You had 3 spell levels left.
You knew the following spells:

 Your Spells              Type           Power        Failure   Level  Hunger
a - Sandblast             Erth           ###...       1%          1    None
b - Stone Arrow           Conj/Erth      ###...       5%          3    ###....
c - Passwall              Tmut/Erth      ##......     7%          2    #......
d - Lee's Rapid Deconstr  Erth           ###.......   38%         5    ######.

Your spell library contained the following spells:

 Spells                   Type           Power        Failure   Level  Hunger
 Petrify                  Tmut/Erth      ##......     41%         4    ####...


Dungeon Overview and Level Annotations

Branches:
Dungeon (4/15)
 Temple: D:4-7

Altars:
Ashenzari
Nemelex Xobeh
Qazlal
Trog
Zin

Annotations:
D:4 2 transporters, Pikel


Innate Abilities, Weirdness & Mutations

You cannot wear most types of armour.
You are very stealthy in the water. (Stealth+)
You are amphibious.
You can wear up to eight rings at the same time.
You can use your tentacles to constrict eight enemies at once.
Your skin changes colour to match your surroundings (Stealth+).
Your rubbery body absorbs attacks. (AC +1, EV +1)


Message History

The blast of sand hits the slave.
The slave is severely wounded.
a - 42 stones You constrict the slave.
The slave hits you!
* * * LOW HITPOINT WARNING * * *
Casting: Sandblast (safe; 1% risk of failure)
Confirm with . or Enter, or press ? or * to list all spells.
You don't know that spell.
Okay, then.
Casting: Sandblast (safe; 1% risk of failure)
Confirm with . or Enter, or press ? or * to list all spells.
Aiming: Sandblast (safe; 1% risk of failure)
Press: ? - help, Shift-Dir - straight line, f/p - slave
Aim: a slave, wearing an animal skin (almost dead, constricted by you)
The blast of sand hits the slave.
The slave is almost dead.
a - 41 stones You constrict the slave, but do no damage.
The slave hits you!
You die...

######## #......#
########......############
................@p.......#
########......#######.####
#.###### #.#### ### ....
#.p..# ..# ......
############p# #.#
#......##.........##.# ..#
###....##.###.....##p# ###
..[##.# #.....##.# #####
#p# #...p....#


You could see a slave.

Vanquished Creatures
  Sigmund (D:3)
  2 slaves (D:4)
  A sky beast (D:4)
  An ogre (D:4)
  A crimson imp (D:4)
  A hound (D:4)
  A bullfrog skeleton (D:4)
  A jelly (D:4)
  Robin (D:2)
  3 gnolls (D:2)
  4 adders
  An ooze (D:2)
  2 worms
  2 dart slugs (D:3)
  A leopard gecko (D:1)
  5 orcs
  5 giant cockroaches
  17 goblins
  11 hobgoblins
  4 quokkas
  2 ball pythons
  9 bats
  3 frilled lizards
  9 kobolds
  7 rats
95 creatures vanquished.

Notes
Turn   | Place    | Note
-------+----------+-------------------------------------------
     0 | D:1      | Gunterle the Octopode Wanderer began the quest for the Orb.
     0 | D:1      | Gunterle set off with: a scroll of teleportation, a +0
                  | club, a ration
     0 | D:1      | Reached XP level 1. HP: 11/11 MP: 4/4
     2 | D:1      | Learned a level 1 spell: Sandblast
   196 | D:1      | Reached XP level 2. HP: 13/17 MP: 6/6
  1035 | D:1      | Reached skill level 3 in Earth Magic
  1150 | D:1      | Reached XP level 3. HP: 21/21 MP: 7/7
  1165 | D:1      | Learned a level 3 spell: Stone Arrow
  1646 | D:2      | Found a stormy altar of Qazlal.
  2019 | D:2      | Reached skill level 1 in Conjurations
  2133 | D:2      | Learned a level 2 spell: Passwall
  2379 | D:2      | Reached XP level 4. HP: 22/27 MP: 9/9
  2388 | D:2      | Noticed Robin
  2393 | D:2      | Killed Robin
  2749 | D:2      | Reached XP level 5. HP: 31/31 MP: 6/10
  2802 | D:2      | Found a bloodstained altar of Trog.
  3053 | D:3      | Learned a level 5 spell: Lee's Rapid Deconstruction
  3247 | D:3      | Found a shattered altar of Ashenzari.
  3251 | D:3      | Became a worshipper of Ashenzari the Shackled
  3256 | D:3      | Found a glowing silver altar of Zin.
  3260 | D:3      | Found a sparkling altar of Nemelex Xobeh.
  3305 | D:3      | Noticed Sigmund
  3319 | D:3      | Killed Sigmund
  3319 | D:3      | Reached skill level 4 in Earth Magic
  3319 | D:3      | Reached XP level 6. HP: 27/36 MP: 7/12
  3795 | D:4      | Reached skill level 5 in Earth Magic
  3795 | D:4      | Reached XP level 7. HP: 32/41 MP: 13/13
  3901 | D:4      | Found a transporter.
  3926 | D:4      | Found a transporter.
  4109 | D:4      | Noticed Pikel
  4156 | D:4      | Slain by a slave

Skill      XL: |  1  2  3  4  5  6  7 |
---------------+----------------------+-----
Earth Magic    | 3 4 5 |  5.5
Conjurations   | 1 2 3 4 |  4.4
Spellcasting   | 4 |  4.4
Throwing       | |  1.0
Shields        | |  1.0
Necromancy     | |  2.0
Poison Magic   | |  1.2

Action                   |  1- 3 |  4- 6 |  7- 9 || total
-------------------------+-------+-------+-------++-------
Melee: Whip              |     6 |       |       ||     6
       Dagger            |    77 |    37 |    11 ||   125
       Constrict         |    21 |    12 |     4 ||    37
       Tentacles         |    18 |     3 |     2 ||    23
 Cast: Sandblast         |     5 |    50 |    23 ||    78
       Stone Arrow       |       |     8 |     1 ||     9
Invok: Curse Item        |       |     2 |       ||     2
  Use: Scroll            |       |     1 |     3 ||     4
       Potion            |       |     1 |       ||     1
 Stab: Sleeping          |     5 |     1 |       ||     6
  Eat: Chunk             |     4 |     5 |     1 ||    10
Armor: Skin              |     6 |     3 |     1 ||    10
Dodge: Dodged            |    49 |    31 |    13 ||    93
